 Dungeon Crawl Stone Soup version 0.27-a0-1149-g4505690ab0 (webtiles) character file.

Game seed: 13949264525675255067

44 wakim the Sneak (level 3, -10/22 HPs)
             Began as a Kobold Brigand on May 14, 2021.
             Was a Follower of Uskayaw.
             Killed by nerve-wracking pain
             ... invoked by Jessica
              (13 damage)
             ... on level 2 of the Dungeon.
             The game lasted 00:02:00 (898 turns).

wakim the Sneak (Kobold Brigand)                     Turns: 898, Time: 00:02:01

Health: -10/22     AC:  4    Str:  8    XL:     3   Next: 85%
Magic:  3/3        EV: 14    Int: 12    God:    Uskayaw [*.....]
Gold:   64         SH:  0    Dex: 17    Spells: 2/2 levels left

rFire    . . .     SeeInvis .   a - +2 dagger
rCold    . . .     Faith    .   (shield restricted)
rNeg     . . .     Spirit   .   h - +0 leather armour
rPois    .         Reflect  .   (no helmet)
rElec    .         Harm     .   c - +0 cloak
rCorr    .         Rampage  .   (no gloves)
Will     .....                  (no boots)
Stlth    ++++......             (no amulet)
HPRegen  0.07/turn              (no ring)
MPRegen  0.08/turn              (no ring)

@: slowed, very slow
A: small, no large weapons, nightstalker 3
a: Renounce Religion, Stomp


You were on level 2 of the Dungeon.
You worshipped Uskayaw.
Uskayaw was noncommittal.
You visited 1 branch of the dungeon, and saw 2 of its levels.

You collected 64 gold pieces.

Inventory:

Hand Weapons
 a - a +2 dagger (weapon)
Missiles
 d - 8 poisoned darts (quivered)
 e - 2 curare-tipped darts {=f}
Armour
 c - a +0 cloak (worn)
 h - a +0 leather armour (worn)
Wands
 t - a wand of digging (6)
Scrolls
 b - a scroll of acquirement {unknown}
Potions
 f - a potion of flight {unknown}
 g - 2 potions of might {unknown}
 i - a potion of berserk rage {unknown}


   Skills:
 + Level 2.6 Fighting
 * Level 3.8 Short Blades
 - Level 2.1 Throwing
 + Level 2.1 Dodging
 + Level 5.7 Stealth


You had 2 spell levels left.
You didn't know any spells.
Your spell library was empty.

Dungeon Overview and Level Annotations

Branches:
Dungeon (2/15)

Altars:
Uskayaw

Annotations:
D:2 Jessica


Innate Abilities, Weirdness & Mutations

You are small and have problems with some larger weapons.
You are completely attuned to the shadows.


Message History

You impale the dart slug!!
You kill the dart slug!
You can now pass through a line of other dancers.
You can no longer pass through a line of other dancers.
There is an escape hatch in the floor here.
You see here 21 sling bullets.
You see here 17 bolts.
Jessica the Apprentice Sorceress comes into view.
She is wielding a +7 dagger of freezing.
Jessica shouts!
Jessica gestures wildly while chanting.
Jessica blinks!
You hit Jessica.
Jessica is lightly wounded.
Jessica hits you with a +7 dagger of freezing!
Ouch! That really hurt!
* * * LOW HITPOINT WARNING * * *
Jessica freezes you.
* * * LOW HITPOINT WARNING * * *
You hit Jessica.
Jessica is moderately wounded.
Jessica barely misses you.
You hit Jessica but do no damage.
Jessica is moderately wounded.
You completely miss Jessica.
Jessica is moderately wounded.
Jessica hits you with a +7 dagger of freezing.
* * * LOW HITPOINT WARNING * * *
Jessica freezes you.
* * * LOW HITPOINT WARNING * * *
Jessica gestures wildly while chanting.
Jessica blinks!
Jessica casts a spell.
Jessica seems to speed up.
Jessica points at you and mumbles some strange words.
You feel yourself slow down.
There is a stone staircase leading up here.
Jessica casts a spell at you. Pain shoots through your body!
Ouch! That really hurt!
You die...

#.#
#####.#...##.#######
#.# ##.###.#
###.####### .......#
#....@....# ##.#####
#.#.#####.# #.#.#
#@# . # #.#@### #.#
.. ### #.#...#
#.#... ##..
####.#...###@....
###>..
.................
......
####.#.....#.....
###...
#.........#... ##.#
######.#####.. #.#
.# #.#
##+#########.#
#.........##.#
#..######.##.#


You could see Jessica (fast).

Vanquished Creatures
  An adder (D:2)
  A worm (D:2)
  3 dart slugs (D:2)
  A ball python (D:2)
  A bat (D:2)
  A giant cockroach (D:2)
  2 goblins
  3 hobgoblins
  4 jackals (D:2)
  A kobold (D:2)
  2 quokkas (D:2)
  2 frilled lizards (D:1)
  A rat (D:1)
23 creatures vanquished.

Notes
Turn   | Place    | Note
-------+----------+-------------------------------------------
     0 | D:1      | wakim the Kobold Brigand began the quest for the Orb.
     0 | D:1      | Reached XP level 1. HP: 12/12 MP: 1/1
   256 | D:1      | You fall into a shaft and drop 1 floor!
   263 | D:2      | Reached XP level 2. HP: 18/18 MP: 2/2
   314 | D:2      | Found a hide-covered altar of Uskayaw.
   319 | D:2      | Became a worshipper of Uskayaw the Reveller
   338 | D:2      | Reached * piety under Uskayaw
   343 | D:2      | Reached ** piety under Uskayaw
   494 | D:2      | Reached XP level 3. HP: 22/22 MP: 3/3
   607 | D:2      | Reached *** piety under Uskayaw
   876 | D:2      | Noticed Jessica
   898 | D:2      | Killed from afar by Jessica

Illustrated notes

Levels and vault maps discovered:
D:1:      psy_arrival_wood_between_worlds, layout_loops_ring,
          hellmonk_ecumenical_altar_pennies_from_heaven
D:2:      layout_loops_corners, basic_altar, uniq_jessica

Skill      XL: |  1  2  3 |
---------------+----------+-----
Short Blades   | 3 |  3.8
Dodging        | 2 |  2.1
Fighting       | |  2.6
Throwing       | |  2.1
Stealth        | |  5.7

Action                   || total
-------------------------++-------
Melee: Dagger            ||    72
 Stab: Sleeping          ||    12
       Paralysed         ||     1
Armor: Robe              ||     1
       Leather armour    ||     6
Dodge: Dodged            ||    34

Table legend: (Time is in decaauts)
 A = Elapsed time spent in this place.
 B = Non-inter-level travel time spent in this place.
 C = Inter-level travel time spent in this place.
 D = Time resting spent in this place.
 E = Time spent auto-exploring this place.
 F = Levels seen in this place.
 G = Mean time per level.
                   A        B        C        D        E       F      G
               +--------+--------+--------+--------+--------+-----+--------+
         Total |    886 |    886 |      0 |      0 |    701 |   2 |  443.0 |
       Dungeon |    886 |    886 |      0 |      0 |    701 |   2 |  443.0 |
               +--------+--------+--------+--------+--------+-----+--------+

Top non-repeatable levels by time:
     D:2: 633 daAuts
     D:1: 253 daAuts
